 Dungeon Crawl Stone Soup version 0.29-a0-648-g6b26cc9f40 (webtiles) character file.

Game seed: 15958291238682685692

26556 zeratav the Marksspriggan (level 12, -11/68 HPs)
             Began as a Spriggan Hunter on June 20, 2022.
             Was a High Priest of Dithmenos.
             Shot with an arrow by a centaur warrior (28 damage)
             ... on level 13 of the Dungeon.
             The game lasted 00:42:32 (15614 turns).

zeratav the Marksspriggan (Spriggan Hunter)        Turns: 15614, Time: 00:42:33

Health: -11/68     AC:  7    Str:  7    XL:     12   Next: 99%
Magic:  0/13       EV: 30    Int: 16    God:    Dithmenos [*****.]
Gold:   1425       SH:  0    Dex: 24    Spells: 11/11 levels left

rFire   . . .      SeeInvis +   E - +6 shortbow (freeze) {bow}
rCold   + . .      Faith    .   (shield currently unavailable)
rNeg    . . .      Spirit   +   O - +0 troll leather armour
rPois   .          Reflect  .   F - +1 hat of Qapeoh Laeg {rElec rC+}
rElec   +          Harm     .   G - +1 cloak "Abureav" {Int+6 Stlth+}
rCorr   .          Rampage  .   (gloves unavailable)
Will    +++..                   (boots unavailable)
Stlth   +++++++...              B - amulet of guardian spirit
HPRegen 1.01/turn               o - +4 ring of evasion
MPRegen 0.13/turn               y - ring of willpower

@: wreathed by umbra, very quick
A: very small, no large weapons, unfitting armour, see invisible, speed 3
a: Renounce Religion, Shadow Step, Shadow Form


You were on level 13 of the Dungeon.
You worshipped Dithmenos.
Dithmenos was extremely pleased with you.
You visited 2 branches of the dungeon, and saw 14 of its levels.
You also visited: Ossuary and Bailey.

You collected 1641 gold pieces.
You spent 216 gold pieces at shops.


Innate Abilities, Weirdness & Mutations

You are very small and have problems with some larger weapons.
You are too small for most types of armour.
You have supernaturally acute eyesight. (SInv)
You cover ground extremely quickly. (Speed+++)


   Skills:
 - Level 10.3 Fighting
 - Level 16.0 Bows
 + Level 4.1 Armour
 - Level 10.0 Dodging
 - Level 5.0 Stealth
 + Level 9.7 Hexes
 - Level 5.0 Translocations


You had 11 spell levels left.
You didn't know any spells.
Your spell library contained the following spells:

 Spells                   Type           Power      Damage    Failure   Level
 Blink                    Tloc           32%        N/A       7%          2
 Cause Fear               Hex            15%        N/A       7%          4
 Lesser Beckoning         Tloc           16%        N/A       14%         3
 Inner Flame              Hex/Fire       15%        N/A       16%         3
 Magic Dart               Conj           0%         1d3       36%         1
 Call Imp                 Summ           0%         N/A       50%         2
 Frozen Ramparts          Ice            0%         1d2       73%         3
 Mephitic Cloud           Conj/Pois/Air  0%         N/A       73%         3
 Ozocubu's Armour         Ice            0%         N/A       73%         3
 Manifold Assault         Tloc           16%        N/A       78%         5
 Metabolic Englaciation   Hex/Ice        7%         N/A       80%         5
 Ice Form                 Ice/Tmut       0%         N/A       98%         4
 Summon Ice Beast         Ice/Summ       0%         N/A       98%         4
 Simulacrum               Ice/Necr       0%         N/A       100%        6
 Ozocubu's Refrigeration  Ice            0%         4d5       100%        7
 Discord                  Hex            15%        N/A       100%        8

Inventory:

Hand Weapons
 a - a +6 shortbow of flaming {bow}
 E - a +6 shortbow of freezing (weapon) {bow}
   (You acquired it on level 12 of the Dungeon)
 H - a +2 short sword of protection {short}
   (You took it off a kobold on level 8 of the Dungeon)
Armour
 p - a +1 robe of willpower
   (You took it off an orc wizard on level 8 of the Dungeon)
 F - the +1 hat of Qapeoh Laeg (worn) {rElec rC+}
   (You acquired it on level 12 of the Dungeon)

   rC:        It protects you from cold.
   rElec:     It insulates you from electricity.
 G - the +1 cloak "Abureav" (worn) {Int+6 Stlth+}
   (You found it in a bailey)

   Int:       It affects your intelligence (+6).
   Stlth:     It makes you more stealthy.
 O - a +0 troll leather armour (worn)
   (You found it on level 12 of the Dungeon)
Jewellery
 d - a +6 ring of strength
   (You found it on level 9 of the Dungeon)
 o - a +4 ring of evasion (left hand)
   (You found it on level 3 of the Dungeon)
 r - a ring of resist corrosion
   (You found it on level 3 of the Dungeon)
 y - a ring of willpower (right hand)
   (You found it on level 5 of the Dungeon)
 B - an amulet of guardian spirit (around neck)
   (You found it on level 9 of the Dungeon)
Wands
 b - a wand of light (6)
   (You found it on level 9 of the Dungeon)
 n - a wand of mindburst (6)
   (You found it on level 13 of the Dungeon)
 z - a wand of flame (25)
   (You found it on level 6 of the Dungeon)
 D - a wand of paralysis (22)
   (You took it off an orc on level 7 of the Dungeon)
 K - a wand of iceblast (6)
   (You found it on level 10 of the Dungeon)
 L - a wand of polymorph (5)
   (You found it on level 10 of the Dungeon)
Scrolls
 c - 2 scrolls of immolation {!r!r}
 g - 12 scrolls of teleportation {@r4}
 h - 6 scrolls of enchant armour
 i - 3 scrolls of amnesia
 j - 4 scrolls of poison {!r}
 l - 4 scrolls of fog
 m - a scroll of blinking {!r}
 q - 4 scrolls of fear
 t - 3 scrolls of magic mapping {!r}
 v - 2 scrolls of summoning
 w - 4 scrolls of vulnerability {!r!r}
 J - a scroll of silence {unknown}
Potions
 e - 2 potions of brilliance
 f - 2 potions of berserk rage {!q}
 k - 2 potions of mutation {!q}
 s - 4 potions of attraction {!q}
 u - 2 potions of magic
 x - 7 potions of heal wounds {@q2}
 A - 4 potions of haste {unknown}
 C - 9 potions of curing {@q1}
 M - a potion of might {unknown}
 N - a potion of lignification {unknown}
Miscellaneous
 I - a phial of floods
   (You found it on level 10 of the Dungeon)

Dungeon Overview and Level Annotations

Branches:
Dungeon (13/15) Zot: 26406  Temple (1/1) D:5 Zot: 5933    Lair (0/6) D:11
    Orc (0/2) D:10        Ossuary (visited)          Bailey (visited)
 Vaults: D:13-14

Altars:
Ashenzari
Cheibriados
Dithmenos
Elyvilon
Fedhas
Gozag
Hepliaklqana
Kikubaaqudgha
Makhleb
Nemelex Xobeh
Okawaru
Qazlal
Ru
Sif Muna
Trog
Uskayaw
Vehumet
Wu Jian
Xom
Yredelemnul
Zin
The Shining One
Lugonu

Shops:
D:13 =?[

Portals:
Abyss: D:11

Annotations:
D:4 1 transporter, haplo13's ghost, amateur HOFi

'.#####............# #.#
####.........# ..#
#.........# ..#
##.......[# ..#
#........# ..#
#........# ..#
#........#
..#########........####'
................@....cc.
####................####
...#................#
...#................#
...#................#
...#................#
...#....##########...
...##...#....... ....
....#...#.......


You could see a centaur warrior and a centaur.


Message History

The arrow freezes the deep elf pyromancer.
Your shadow shoots an arrow.
The arrow hits the deep elf pyromancer.
The deep elf pyromancer casts a spell.
HP[+1]
You shoot an arrow. The arrow hits the deep elf pyromancer.
The arrow freezes the deep elf pyromancer.
HP[+1]
You shoot an arrow. The arrow hits the deep elf pyromancer!
The arrow freezes the deep elf pyromancer.
You kill the deep elf pyromancer!
Dithmenos accepts your kill.
The fire elemental disappears in a puff of smoke!
Your shadow shoots an arrow.
HP[+1] No target in view!
No target in view!
No target in view!
Found a stone staircase leading down.
HP[+4] MP[+2]
Your hp is fully restored (68).
Your mp is fully restored (13).
Things that are here:
a +0 shortbow {bow}; a centaur corpse You now have 1425 gold pieces (gained 18).
You open the door.
There is an open door here.
You open the door.
There is an open door here.
You see here 3 stones {throwing}.
You open the door.
Found Danwauwo's Jewellery Shop.
Found a stone staircase leading down.
There is an open door here.
There is an entrance to Danwauwo's Jewellery Shop here.
You can access your shopping list by pressing '$'.
There is an open door here.
You open the door.
There is an open door here.
Things that are here:
a vampire mosquito corpse; a vampire mosquito corpse You open the door.
There is an open door here.
You open the door.
There is an open door here.
You see here a +0 shortbow {bow}.
J - a scroll labelled CUFOARROEHE A centaur comes into view.
You shoot an arrow. The arrow hits the centaur!
The arrow freezes the centaur.
The centaur shouts!
The centaur wields a +0 shortbow.
The centaur shoots an arrow.
The arrow completely misses you.
You shoot an arrow. The arrow closely misses the centaur.
The centaur shoots an arrow.
The arrow completely misses you.
You hear a shout!
You shoot an arrow. The arrow hits the centaur!
The arrow freezes the centaur.
You kill the centaur!
Dithmenos accepts your kill.
No target in view!
A centaur warrior comes into view.
A centaur comes into view.
You shoot an arrow. The centaur shouts!
The arrow hits the centaur warrior!
The arrow freezes the centaur warrior.
Your shadow shoots an arrow.
The arrow hits the centaur warrior.
The centaur warrior wields a +0 longbow of flaming.
It bursts into flame!
The centaur warrior shoots an arrow.
The arrow closely misses you.
You shoot an arrow. The arrow hits the centaur warrior!
The arrow freezes the centaur warrior.
You shoot an arrow.
The arrow completely misses the centaur warrior.
The arrow barely misses the centaur.
The centaur warrior shoots an arrow.
The arrow hits you!! The arrow burns you!
HP[-21] MP[-5]
You take 21 damage, and now have 47/68 hp.
MASSIVE DAMAGE!! (PAUSE)
You lost 5 mp, and now have 8/13 mp.
You are too injured to fight recklessly!
You are too injured to fight recklessly!
You are too injured to fight recklessly!
You are too injured to fight recklessly!
Shoot: E) +6 shortbow (freeze) {bow}
Press: ? - help, Q - select action, (/) - cycle Shift-Dir - straight line, f/p - centaur warrior
Aim: a centaur warrior, wielding a +0 longbow of flaming (heavily wounded, umbra, 81% to hit)
You shoot an arrow. The arrow hits the centaur warrior!
The arrow freezes the centaur warrior.
The centaur warrior shoots an arrow.
The arrow hits you!!
* * * LOW HITPOINT WARNING * * *
The arrow burns you!
* * * LOW HITPOINT WARNING * * *
The centaur warrior shoots an arrow.
The arrow completely misses you.
HP[-31] MP[-6]
You take 31 damage, and now have 16/68 hp.
MASSIVE DAMAGE!! (PAUSE)
You lost 6 mp, and now have 2/13 mp.
Shoot: E) +6 shortbow (freeze) {bow}
Press: ? - help, Q - select action, (/) - cycle Shift-Dir - straight line, f/p - centaur warrior
Aim: a centaur warrior, wielding a +0 longbow of flaming (severely wounded, umbra, 81% to hit)
You shoot an arrow.
The arrow closely misses the centaur warrior.
The arrow hits the centaur.
The arrow freezes the centaur.
The centaur warrior shoots an arrow.
The arrow hits you!!
You die...

Skill      XL: |  1  2  3  4  5  6  7  8  9 10 11 12 |
---------------+-------------------------------------+-----
Stealth        | 2 3 4 5 |  5.0
Bows           | 5 6 7 10 11 12 15 16 | 16.0
Fighting       | 2 4 6 9 10 | 10.3
Dodging        | 3 4 7 9 10 | 10.0
Translocations | 5 |  5.0
Hexes          | 9 |  9.7
Armour         | 4 |  4.1

Action                   |  1- 3 |  4- 6 |  7- 9 | 10-12 || total
-------------------------+-------+-------+-------+-------++-------
 Fire: Shortbow          |    84 |   200 |   511 |   669 ||  1464
Evoke: Wand              |       |       |       |     4 ||     4
  Use: Scroll            |       |       |    11 |    19 ||    30
       Potion            |       |       |       |     2 ||     2
Armor: Robe              |     1 |     7 |     6 |       ||    14
       Steam dragon scal |       |       |     1 |    11 ||    12
       Troll leather arm |       |       |       |     2 ||     2
Dodge: Dodged            |    13 |    56 |   208 |   281 ||   558

Levels and vault maps discovered:
D:1:      minmay_arrival_jagged, layout_loops_ring,
          dreamdust_ecumenical_altar_grove
D:2:      layout_loops_ring, uniq_jessica, uniq_crazy_yiuf_cottage
D:3:      minmay_goblin_kobold_castle, layout_basic, uniq_natasha
D:4:      layout_rooms, gammafunk_ghost_smash, kennysheep_flooded_box,
          grunt_ministairs_2, uniq_pikel
D:5:      layout_loops_ring, temple_statues, chequers_serial_rivers_marsh
D:6:      layout_loops_cross, uniq_grinder
D:7:      layout_rooms, nicolae_ossuary_entry_catacombs,
          serial_co_window_serial, co_window_corner_a, co_window_corner_a,
          co_window_corner_a, co_window_paths_a, co_window_paths_a,
          co_window_of_opportunity_b, co_window_cross_4,
          co_window_of_opportunity_b, co_window_corner_b, co_window_4corner_b
D:8:      layout_basic, uniq_maurice
D:9:      layout_roguey, enter_bailey_5, uniq_joseph
D:10:     layout_basic, nicolae_sif_muna_little_library, old_standard_altar,
          mainiacjoe_overflow_alcove_3, hiddenorc2_lemuel,
          chequers_serial_rivers_micro_c, uniq_nergalle
D:11:     layout_basic, dpeg_oklobed_lair, amcnicky_altar_lugonu_corruption
D:12:     layout_stronghold, lightli_wizard_tower
D:13:     minmay_glassy_protrusions, layout_irregular_city, david_vaults_4,
          serial_shops, nicolae_diamond_shop, nicolae_shop_hallway_stairs,
          nicolae_shop_behind_doors, uniq_urug
Temple:   lightli_temple_of_artemis

Notes
Turn   | Place    | Note
-------+----------+-------------------------------------------
     0 | D:1      | zeratav the Spriggan Hunter began the quest for the Orb.
     0 | D:1      | Reached XP level 1. HP: 10/10 MP: 2/2
     0 | D:1      | magus.rc [v1.9.6]
    60 | D:1      | Reached skill level 2 in Stealth
   113 | D:1      | Reached skill level 5 in Bows
   207 | D:1      | Reached XP level 2. HP: 14/14 MP: 3/3
   466 | D:1      | Found a faded altar of an unknown god.
   488 | D:1      | Reached skill level 3 in Stealth
   934 | D:2      | Reached XP level 3. HP: 18/18 MP: 4/4
  1235 | D:2      | Noticed Jessica
  1237 | D:2      | Killed Jessica
  1238 | D:2      | Reached skill level 4 in Stealth
  1475 | D:2      | You pick up a book of Spatial Translocations and begin
                  | reading...
  1475 | D:2      | You add the spells Blink, Lesser Beckoning and Manifold
                  | Assault to your library.
  1610 | D:2      | Found a runed translucent door.
  1611 | D:2      | Noticed Crazy Yiuf
  1644 | D:2      | Killed Crazy Yiuf
  1645 | D:2      | Reached skill level 6 in Bows
  1645 | D:2      | Reached XP level 4. HP: 22/22 MP: 5/5
  2041 | D:3      | Noticed Natasha
  2045 | D:3      | Killed Natasha
  2046 | D:3      | Reached skill level 5 in Stealth
  2463 | D:3      | Reached XP level 5. HP: 25/25 MP: 6/6
  2623 | D:3      | Reached skill level 7 in Bows
  2905 | D:3      | Noticed Natasha
  2913 | D:3      | Killed Natasha
  3086 | D:3      | Reached XP level 6. HP: 30/30 MP: 7/7
  3099 | D:3      | Reached skill level 8 in Bows
  3308 | D:3      | Noticed Natasha
  3313 | D:3      | Killed Natasha
  3478 | D:3      | HP: 7/30 [orc wizard/magic dart (8)]
  3870 | D:4      | Noticed Pikel
  3924 | D:4      | Killed Pikel
  3925 | D:4      | Reached skill level 10 in Bows
  3925 | D:4      | Reached skill level 2 in Fighting
  3925 | D:4      | Reached skill level 3 in Dodging
  3925 | D:4      | Reached XP level 7. HP: 30/35 MP: 8/8
  4013 | D:4      | Noticed haplo13's ghost (amateur HOFi)
  4014 | D:4      | Found a transporter.
  4065 | D:4      | You pick up a book of Hexes and begin reading...
  4065 | D:4      | You add the spells Inner Flame, Cause Fear and Discord to
                  | your library.
  4231 | D:4      | Reached skill level 4 in Dodging
  4390 | D:4      | Reached XP level 8. HP: 39/39 MP: 9/9
  4394 | D:4      | You add the spells Ozocubu's Armour and Ozocubu's
                  | Refrigeration to your library.
  4790 | D:5      | Entered Level 5 of the Dungeon
  4843 | D:5      | Reached skill level 3 in Fighting
  5004 | D:5      | Reached skill level 5 in Dodging
  5322 | D:5      | Reached skill level 11 in Bows
  5462 | D:5      | Found a staircase to the Ecumenical Temple.
  5472 | Temple   | Entered the Ecumenical Temple
  5561 | Temple   | Became a worshipper of Dithmenos the Shadowed
  5629 | D:6      | Noticed Grinder
  5652 | D:6      | Killed Grinder
  5653 | D:6      | Reached skill level 6 in Dodging
  5849 | D:6      | Reached skill level 4 in Fighting
  6092 | D:6      | Reached skill level 7 in Dodging
  6169 | D:6      | Reached XP level 9. HP: 46/46 MP: 10/10
  6447 | D:6      | Reached * piety under Dithmenos
  6892 | D:7      | Reached skill level 5 in Fighting
  6892 | D:7      | Reached skill level 12 in Bows
  6892 | D:7      | Reached skill level 8 in Dodging
  7029 | D:7      | Found a sand-covered staircase.
  7092 | Ossuary  | Entered an ossuary
  7230 | Ossuary  | Reached ** piety under Dithmenos
  7599 | D:7      | Reached skill level 9 in Dodging
  7817 | D:7      | HP: 5/48 [something/ball of steam (17)]
  8107 | D:7      | HP: 12/48 [steam dragon (2)]
  9325 | D:8      | Reached skill level 6 in Fighting
  9335 | D:8      | Reached XP level 10. HP: 40/53 MP: 11/11
  9819 | D:8      | You pick up a book of Minor Magic and begin reading...
  9819 | D:8      | You add the spells Magic Dart, Call Imp and Mephitic Cloud
                  | to your library.
 10114 | D:8      | Noticed Maurice
 10125 | D:8      | Killed Maurice
 10126 | D:8      | Reached skill level 13 in Bows
 10204 | D:9      | Noticed Joseph
 10215 | D:9      | Killed Joseph
 10216 | D:9      | Reached skill level 10 in Dodging
 10539 | D:9      | Reached *** piety under Dithmenos
 10699 | D:9      | Found a flagged portal.
 10722 | Bailey   | Entered a bailey
 10842 | Bailey   | Noticed an orc warlord
 10904 | Bailey   | Reached skill level 7 in Fighting
 10979 | Bailey   | Found a runed translucent gate.
 10981 | Bailey   | Found a runed translucent gate.
 10982 | Bailey   | Found a runed translucent gate.
 11172 | Bailey   | Killed an orc warlord
 11173 | Bailey   | Reached skill level 14 in Bows
 11262 | Bailey   | Identified the +1 cloak "Abureav" {Int+6 Stlth+}
 11275 | Bailey   | Reached skill level 9 in Fighting
 11275 | Bailey   | Reached skill level 15 in Bows
 11275 | Bailey   | Reached XP level 11. HP: 62/62 MP: 12/12
 11647 | D:10     | Entered Level 10 of the Dungeon
 11689 | D:10     | Noticed Nergalle
 11893 | D:10     | Reached **** piety under Dithmenos
 11955 | D:10     | Found a staircase to the Orcish Mines.
 12194 | D:10     | Killed Nergalle
 12195 | D:10     | Reached skill level 16 in Bows
 12265 | D:10     | Found a hide-covered altar of Uskayaw.
 12266 | D:10     | Found a snail-covered altar of Cheibriados.
 12267 | D:10     | Found an ornate altar of the Wu Jian Council.
 12268 | D:10     | Found a broken altar of Ashenzari.
 12323 | D:10     | Found a shimmering altar of Xom.
 12336 | D:10     | Reached skill level 10 in Fighting
 12421 | D:10     | Found a shimmering blue altar of Sif Muna.
 12544 | D:10     | Noticed a two-headed ogre
 12561 | D:10     | Killed a two-headed ogre
 12562 | D:10     | Reached XP level 12. HP: 68/68 MP: 13/13
 12806 | D:11     | You pick up a book of Winter and begin reading...
 12806 | D:11     | You add the spells Metabolic Englaciation and Simulacrum to
                  | your library.
 12810 | D:11     | Found a corrupted altar of Lugonu.
 12971 | D:11     | Reached skill level 2 in Translocations
 12979 | D:11     | Reached skill level 3 in Translocations
 13101 | D:11     | Found a one-way gate to the infinite horrors of the Abyss.
 13133 | D:11     | Reached skill level 4 in Translocations
 13275 | D:11     | Found a staircase to the Lair.
 13286 | D:11     | Noticed a five-headed hydra
 13312 | D:11     | Killed a five-headed hydra
 13313 | D:11     | Reached skill level 5 in Translocations
 13313 | D:11     | Reached skill level 1 in Hexes
 13329 | D:11     | Reached skill level 2 in Hexes
 13348 | D:11     | Reached skill level 3 in Hexes
 13739 | D:12     | Reached skill level 4 in Hexes
 13761 | D:12     | You pick up a book of Rime and begin reading...
 13761 | D:12     | You add the spells Frozen Ramparts, Ice Form and Summon Ice
                  | Beast to your library.
 14087 | D:12     | Reached skill level 5 in Hexes
 14175 | D:12     | Reached skill level 6 in Hexes
 14179 | D:12     | Reached ***** piety under Dithmenos
 14405 | D:12     | Noticed a two-headed ogre
 14423 | D:12     | Killed a two-headed ogre
 14424 | D:12     | Reached skill level 1 in Armour
 14424 | D:12     | Reached skill level 7 in Hexes
 14828 | D:13     | Noticed a centaur warrior
 14828 | D:13     | Found Pievul's Antique Armour Shop.
 14844 | D:12     | Reached skill level 2 in Armour
 14869 | D:12     | Reached skill level 8 in Hexes
 14947 | D:13     | HP: 16/68 [centaur warrior/arrow (23)]
 14952 | D:12     | Identified 3 scrolls of acquirement
 14952 | D:12     | HP: 6/68 [wraith (7)]
 14954 | D:12     | HP: 2/68 [manticore (7)]
 15099 | D:12     | Acquired a +6 shortbow of freezing
 15101 | D:12     | Acquired 589 gold pieces
 15103 | D:12     | Acquired the +1 hat of Qapeoh Laeg {rElec rC+}
 15128 | D:13     | Killed a centaur warrior
 15134 | D:13     | Reached skill level 3 in Armour
 15169 | D:13     | Noticed a seven-headed hydra
 15178 | D:13     | Killed a seven-headed hydra
 15182 | D:13     | Reached skill level 9 in Hexes
 15245 | D:13     | Found Koveckes's Magic Scroll Shoppe.
 15249 | D:13     | Bought a scroll of identify for 32 gold pieces
 15249 | D:13     | Bought a scroll of identify for 32 gold pieces
 15249 | D:13     | Bought a scroll of identify for 32 gold pieces
 15249 | D:13     | Bought a scroll of blinking for 120 gold pieces
 15441 | D:13     | Noticed a centaur warrior
 15449 | D:13     | Killed a centaur warrior
 15450 | D:13     | Reached skill level 4 in Armour
 15515 | D:13     | Found Danwauwo's Jewellery Shop.
 15609 | D:13     | Noticed a centaur warrior
 15613 | D:13     | HP: 16/68 [centaur warrior/arrow (10)]
 15614 | D:13     | Shot with an arrow by a centaur warrior

Vanquished Creatures
  An orc warlord (Bailey)
  2 hydras
  2 centaur warriors (D:13)
  2 two-headed ogres
  Nergalle (D:10)
  A wizard (D:12)
  Pikel (D:4)
  2 deep elf pyromancers
  3 ugly things
  A manticore (D:12)
  Maurice (D:8)
  Joseph (D:9)
  3 unseen horrors
  A kobold demonologist (D:12)
  2 trolls (D:12)
  A hornet (D:8)
  Grinder (D:6)
  2 shadows
  4 vampires
  2 wraiths
  3 yaks (D:10)
  3 basilisks
  A steam dragon (D:7)
  8 vampire mosquitoes
  2 acid dragons
  2 water moccasins
  5 orc warriors
  2 ice beasts (D:6)
  17 centaurs
  2 ogres
  A phantom (D:5)
  A lemure (D:4)
  3 elf zombies (Ossuary)
  A gnoll sergeant (D:11)
  2 kobold brigands
  A necrophage (D:5)
  A bullfrog (D:9)
  3 elf skeletons (D:7)
  7 wights
  3 killer bees (D:9)
  4 howler monkeys
  A crimson imp (D:12)
  6 centaur zombies (Ossuary)
  3 jellies
  Crazy Yiuf (D:2)
  2 gnoll shamans
  9 orc priests
  5 hounds
  3 human zombies (Ossuary)
  Jessica (D:2)
  2 human skeletons (D:7)
  2 iguanas
  18 orc wizards
  Natasha (thrice) (D:3)
  3 mummies (Ossuary)
  24 gnolls
  5 adders
  4 white imps
  2 ufetubi
  A worm (D:5)
  2 dart slugs
  58 orcs
  8 ball pythons
  2 bats (D:2)
  3 endoplasms
  2 giant cockroaches
  40 goblins
  24 hobgoblins
  2 quokkas (D:2)
  2 frilled lizards
  27 kobolds
  An orc zombie (D:7)
  7 rats
  A lurking horror (D:11)
380 creatures vanquished.

Table legend:
 A = Non-vault XP
 B = Vault XP
 C = Vault XP percentage of total XP
 D = Non-vault monster count
 E = Vault monster count
 F = Vault count percentage of total count
                 A         B        C        D         E       F
            +---------+---------+-------+---------+---------+-------
      Total |   21871 |    6732 |  23.5 |     230 |     148 |  39.2
            +---------+---------+-------+---------+---------+-------
        D:1 |      25 |       0 |   0.0 |      16 |       0 |   0.0
        D:2 |      33 |      78 |  70.3 |      20 |       2 |   9.1
        D:3 |     131 |     277 |  67.9 |      10 |      57 |  85.1
        D:4 |     272 |     645 |  70.3 |      13 |       3 |  18.8
        D:5 |     583 |       0 |   0.0 |      13 |       0 |   0.0
        D:6 |    1102 |     281 |  20.3 |      29 |       1 |   3.3
        D:7 |     620 |     318 |  33.9 |      20 |       6 |  23.1
        D:8 |    1105 |     469 |  29.8 |      23 |       1 |   4.2
        D:9 |     652 |     470 |  41.9 |      12 |       4 |  25.0
       D:10 |    2579 |    1087 |  29.7 |      14 |      33 |  70.2
       D:11 |    3228 |       0 |   0.0 |      14 |       0 |   0.0
       D:12 |    6303 |     738 |  10.5 |      28 |       2 |   6.7
       D:13 |    5238 |       0 |   0.0 |      18 |       0 |   0.0
    Ossuary |       0 |     756 | 100.0 |       0 |      15 | 100.0
     Bailey |       0 |    1613 | 100.0 |       0 |      24 | 100.0
            +---------+---------+-------+---------+---------+-------

Illustrated notes

Table legend:
 A = Kills in this place as a percentage of kills in entire the game.
 B = Kills by you in this place as a percentage of kills by you in the entire game.
 C = Kills by friends in this place as a percentage of kills by friends in the entire game.
 D = Other kills in this place as a percentage of other kills in the entire game.
 E = Experience gained in this place as a percentage of experience gained in the entire game.
 F = Experience gained in this place divided by the number of levels of this place that you have seen.
                   A       B       C       D       E      F
               +-------+-------+-------+-------+-------+----------------------
         Total | 100.0 | 100.0 |   N/A |   N/A | 100.0 | 1787.7
       Dungeon |  89.7 |  89.7 |   N/A |   N/A |  91.7 | 2018.0
       Ossuary |   4.0 |   4.0 |   N/A |   N/A |   2.6 | 756.0
        Bailey |   6.3 |   6.3 |   N/A |   N/A |   5.6 | 1613.0
               +-------+-------+-------+-------+-------+----------------------

Table legend: (Time is in decaauts)
 A = Elapsed time spent in this place.
 B = Non-inter-level travel time spent in this place.
 C = Inter-level travel time spent in this place.
 D = Time resting spent in this place.
 E = Time spent auto-exploring this place.
 F = Levels seen in this place.
 G = Mean time per level.
                   A        B        C        D        E       F      G
               +--------+--------+--------+--------+--------+-----+--------+
         Total |  11292 |  10723 |    569 |   2048 |   6018 |  16 |  705.8 |
       Dungeon |  10348 |   9794 |    554 |   1748 |   5832 |  13 |  796.0 |
        Temple |     66 |     52 |     14 |      0 |     48 |   1 |   66.0 |
       Ossuary |    432 |    432 |      0 |    245 |     23 |   1 |  432.0 |
        Bailey |    444 |    444 |      0 |     54 |    114 |   1 |  444.0 |
               +--------+--------+--------+--------+--------+-----+--------+

Top non-repeatable levels by time:
     D:3: 1462 daAuts
     D:6: 1366 daAuts
    D:12: 1003 daAuts
     D:8: 922 daAuts
     D:7: 898 daAuts
    D:10: 769 daAuts
     D:4: 765 daAuts
     D:2: 668 daAuts
     D:9: 656 daAuts
    D:11: 520 daAuts
     D:1: 501 daAuts
     D:5: 471 daAuts
  Bailey: 444 daAuts
 Ossuary: 432 daAuts
    D:13: 339 daAuts
